 Dungeon Crawl Stone Soup version 0.29.1-13-g9f3cf754e1 (webtiles) character file.

Game seed: 15665861418551814839

60 protoss039 the Digger (level 3, 0/27 HPs)
             Began as a Demonspawn Earth Elementalist on Feb 8, 2023.
             Slain by a goblin
             ... wielding a +0 dagger
              (3 damage)
             ... on level 2 of the Dungeon.
             The game lasted 00:01:54 (2642 turns).

protoss039 the Digger (DsEE)                        Turns: 2642, Time: 00:01:55

Health: 0/27       AC:  4    Str:  8    XL:     3   Next: 82%
Magic:  4/7        EV: 12    Int: 18    God:
Gold:   69         SH:  0    Dex: 13    Spells: 6/7 levels left

rFire   . . .      SeeInvis .   f - +0 dagger
rCold   . . .      Faith    .   (no shield)
rNeg    . . .      Spirit   .   a - +0 robe
rPois   .          Reflect  .   e - +2 hat
rElec   .          Harm     .   (no cloak)
rCorr   .          Rampage  .   (no gloves)
Will    .....                   (no boots)
Stlth   ++........              (no amulet)
HPRegen 0.09/turn               (no ring)
MPRegen 0.10/turn               (no ring)

@: no status effects
A: hooves 1, demonic magic 1
a: no special abilities


You were on level 2 of the Dungeon.
You visited 1 branch of the dungeon, and saw 2 of its levels.

You collected 69 gold pieces.

Inventory:

Hand Weapons
 f - a +0 dagger (weapon)
Armour
 a - a +0 robe (worn)
 e - a +2 hat (worn)
Wands
 p - a wand of charming (9)
Scrolls
 c - a scroll of amnesia {unknown}
 d - a scroll of enchant weapon {unknown}
 i - 3 scrolls of enchant armour {unknown}
 j - a scroll of poison {unknown}
 k - a scroll of torment {unknown}
 q - a scroll of noise {unknown}
 r - a scroll of identify {unknown}
Potions
 b - a potion of magic
 g - a potion of mutation {unknown}
 h - a potion of heal wounds {unknown}
 l - 2 potions of flight {unknown}
 m - a potion of degeneration {unknown}
 n - a potion of might {unknown}
 o - a potion of haste {unknown}


   Skills:
 + Level 1.8 Fighting
 - Level 1.7 Dodging
 - Level 1.7 Stealth
 + Level 2.7 Spellcasting
 - Level 0.8 Transmutations
 + Level 3.3 Earth Magic


You had 6 spell levels left.
You knew the following spells:

 Your Spells              Type           Power      Damage    Failure   Level
a - Sandblast             Erth           28%        2d8       4%          1

Your spell library contained the following spells:

 Spells                   Type           Power      Damage    Failure   Level
 Passwall                 Tmut/Erth      8%         N/A       11%         2
 Scorch                   Fire           4%         2d5       26%         2
 Stone Arrow              Conj/Erth      16%        3d8       26%         3
 Petrify                  Tmut/Erth      10%        N/A       56%         4
 Flame Wave               Conj/Fire      2%         2d4       86%         4
 Summon Cactus Giant      Summ           1%         N/A       100%        6


Dungeon Overview and Level Annotations

Branches:
Dungeon (2/15) Zot: 9344

Altars:

Shops:
D:1 (   D:2 (


Innate Abilities, Weirdness & Mutations

You have large cloven feet.
Spells you cast may paralyse adjacent enemies.


Message History

The goblin hits you with a +0 club.
Unknown command.
The helpless hobgoblin fails to defend itself.
You puncture the hobgoblin!
You kill the hobgoblin!
The goblin barely misses you. The goblin completely misses you.
The helpless goblin fails to defend itself.
You hit the goblin.
You kill the goblin!
The goblin hits you with a +0 club.
* * * LOW HITPOINT WARNING * * *
The goblin hits you with a +0 dagger.
* * * LOW HITPOINT WARNING * * *
The goblin attacks as you move away! The goblin hits you with a +0 club.
* * * LOW HITPOINT WARNING * * *
The goblin hits you but does no damage.
There is an open door here.
Things that are here:
a +0 club; a hobgoblin corpse The goblin attacks as you move away!
The goblin hits you with a +0 dagger.
* * * LOW HITPOINT WARNING * * *
Casting: Sandblast (safe; 4% risk of failure)
Confirm with . or Enter, or press ? or * to list all spells.
Aiming: Sandblast (safe; 4% risk of failure)
Press: ? - help, Shift-Dir - straight line, f - goblin
Aim: a goblin, wielding a +0 club (77% to hit)
The blast of sand hits the goblin!
You kill the goblin!
Malevolent energies surge around you. The goblin barely misses you.
Unknown command.
Casting: Sandblast (safe; 4% risk of failure)
Confirm with . or Enter, or press ? or * to list all spells.
Aiming: Sandblast (safe; 4% risk of failure)
Press: ? - help, Shift-Dir - straight line, f - goblin
Aim: a goblin, wielding a +0 dagger (77% to hit)
The blast of sand misses the goblin.
Malevolent energies surge around you. The goblin closely misses you.
Unknown command.
The goblin attacks as you move away! The goblin hits you with a +0 dagger.
You die...

##.###.###....## ##.....#####
...###.# #....# #.........#####
..###..# #..####+####..##.#......
#......###.##.#...#.##.##.#......
####....##.#..'..)'..#.##...#####
####.##....##.#...#.##....#######
.##..##.....####)####...#.......#
..#.###.......#†g)#...######.....
..).###....##.##@##.########.....
....###........#'#............)..
....#∩'..#####.......############
††..###.## ###....## ........#
###### ..#.##### ..### ...# ...#


You could see a goblin.

Vanquished Creatures
  2 worms (D:2)
  4 dart slugs
  2 bats
  5 endoplasms (D:1)
  A giant cockroach (D:2)
  7 goblins
  8 hobgoblins
  3 kobolds
  3 quokkas
  A ball python (D:1)
  A frilled lizard (D:1)
  3 rats (D:1)
40 creatures vanquished.

Notes
Turn   | Place    | Note
-------+----------+-------------------------------------------
     0 | D:1      | protoss039 the Demonspawn Earth Elementalist began the
                  | quest for the Orb.
     0 | D:1      | Reached XP level 1. HP: 13/13 MP: 3/3
   524 | D:1      | Gained mutation: You have large cloven feet. [demonic
                  | ancestry]
   524 | D:1      | Reached XP level 2. HP: 3/20 MP: 0/5
   825 | D:1      | Found Zieqin's Antique Weapon Boutique.
   848 | D:1      | Found a faded altar of an unknown god.
   862 | D:1      | Reached skill level 1 in Fighting
  1073 | D:1      | Reached skill level 3 in Earth Magic
  1840 | D:1      | Gained mutation: Spells you cast may paralyse adjacent
                  | enemies. [demonic ancestry]
  1840 | D:1      | Reached XP level 3. HP: 26/26 MP: 6/6
  2416 | D:2      | Found Afo Vota's Antique Weapon Emporium.
  2642 | D:2      | Slain by a goblin

Illustrated notes

Levels and vault maps discovered:
D:1:      erik_arrival_blinker_ship, layout_loops_corners,
          hellmonk_ecumenical_altar_crossroads, serial_shops, shop_fountains
D:2:      cheibrodos_greedy_goblins, layout_rooms, serial_shops,
          nicolae_shop_window_shopping, st_stairs_7

Skill      XL: |  1  2 |
---------------+-------+-----
Fighting       | 1 |  1.8
Earth Magic    | 3 |  3.3
Dodging        | |  1.7
Stealth        | |  1.7
Spellcasting   | |  2.7
Transmutations | |  0.8

Action                   || total
-------------------------++-------
Melee: Dagger            ||    93
       Unarmed           ||     3
       Kick              ||    22
       Punch             ||     1
 Cast: Sandblast         ||    28
 Stab: Sleeping          ||     8
       Paralysed         ||     3
Armor: Robe              ||    32
Dodge: Dodged            ||    75
